 Dungeon Crawl Stone Soup version 0.17.1-1-g73c8601 (webtiles) character file.

13875 Runnr the Blocker (level 12, -1/96 HPs)
             Began as a Human Fighter on Dec 27, 2015.
             Was a Believer of Ashenzari.
             Slain by an orc knight
             ... wielding a +0 war axe
              (16 damage)
             ... on level 4 of the Orcish Mines.
             The game lasted 01:10:01 (21863 turns).

Runnr the Blocker (Human Fighter)                  Turns: 21863, Time: 01:10:01

Health: -1/96      AC: 13    Str: 20    XL:     12   Next: 38%
Magic:  18/18      EV:  9    Int:  9    God:    Ashenzari [**....]
Gold:   1390       SH:  0    Dex: 14    Spells: 0 memorised, 11 levels left

rFire  . . .     SeeInvis .     u - +1 war axe (flame)
rCold  . . .     Clarity  .     b - +0 scale mail
rNeg   . . .     SustAt   .     c - +3 shield (curse)
rPois  .         Gourm    .     f - +0 helmet
rElec  .         Spirit   .     w - +2 cloak (curse)
rCorr  .         Warding  .     (no gloves)
rMut   .         Stasis   .     (no boots)
MR     .....                    (no amulet)
Stlth  +.........               (no ring)
                                B - ring of stealth

@: confused, not resistant to hostile enchantments, very unstealthy
A: no striking features
a: Scrying, Renounce Religion


You were on level 4 of the Orcish Mines.
You worshipped Ashenzari.
Ashenzari was pleased with you.
You were not hungry.

You visited 4 branches of the dungeon, and saw 17 of its levels.
You also visited: Sewer and Volcano.

You collected 1390 gold pieces.

Inventory:

Hand Weapons
 u - a +1 war axe of flaming (weapon)
 y - a +0 blowgun
Missiles
 z - 56 poisoned needles
Armour
 b - a +0 scale mail (worn)
 c - a cursed +3 shield (worn)
 f - a +0 helmet (worn)
 w - a cursed +2 cloak (worn)
Jewellery
 k - an uncursed ring of ice
 B - a ring of stealth (left hand)
Wands
 a - a wand of digging (17)
 m - a wand of lightning (0)
 s - a wand of frost (16)
Scrolls
 e - a scroll of fog
 g - a scroll of vulnerability {unknown}
 i - a scroll of curse armour
 j - 2 scrolls of enchant weapon
 l - a scroll of random uselessness {unknown}
 n - a scroll of recharging
 q - 3 scrolls of curse jewellery
 r - 3 scrolls of curse weapon
 t - 3 scrolls of remove curse
 A - a scroll of magic mapping
 K - a scroll of holy word {unknown}
Potions
 p - a potion of cure mutation
 v - a potion of brilliance
 D - 2 potions of degeneration {unknown}
 L - 3 potions of flight
Books
 E - a book of Death

   Spells                             Type                      Level
   a - Corpse Rot                     Necromancy                   2
   b - Sublimation of Blood           Necromancy                   2
   c - Agony                          Necromancy                   5
   d - Dispel Undead                  Necromancy                   5
   e - Excruciating Wounds            Charms/Necromancy            5
   f - Bolt of Draining               Conjuration/Necromancy       5
 H - a book of Battle

   Spells                             Type                      Level
   a - Infusion                       Charms                       1
   b - Shroud of Golubria             Charms/Translocation         2
   c - Song of Slaying                Charms                       2
   d - Spectral Weapon                Hexes/Charms                 3
   e - Regeneration                   Charms/Necromancy            3
Miscellaneous
 d - a disc of storms
 h - a lamp of fire
Comestibles
 x - 3 chunks of flesh
 C - 5 beef jerkies
 F - 2 meat rations
 G - 5 bread rations
 J - a slice of pizza


   Skills:
 + Level 9.4 Fighting
 + Level 9.2 Axes
 + Level 9.0 Armour
 - Level 0.6 Dodging
 + Level 9.4(10.8) Shields
 + Level 8.0 Evocations


You had 11 spell levels left.
You didn't know any spells.

Dungeon Overview and Level Annotations

Branches:
Dungeon (11/15)            Temple (1/1) D:6            Lair (1/8) D:9
    Orc (4/4) D:10            Elf (0/3) Orc:4

Altars:
Ashenzari
Cheibriados
Dithmenos
Elyvilon
Fedhas
Gozag
Kikubaaqudgha
Makhleb
Nemelex Xobeh
Okawaru
Qazlal
Ru
Sif Muna
Trog
Vehumet
Xom
Yredelemnul
Zin
The Shining One

Annotations:
D:5 Eustachio, Prince Ribbit
D:8 Maurice; Zex's ghost, novice MiFi
Orc:4 Cab's ghost, journeyman DDWr


Message History

* * * LOW HITPOINT WARNING * * *
The orc wizard mumbles some strange words.
The orc wizard blinks!
Drink which item? (? for menu, Esc to quit)
Okay, then.
Drink which item? (? for menu, Esc to quit)
You are confused.
You feel invigorated. The orc knight hits you with a war axe!
* * * LOW HITPOINT WARNING * * *
You're too confused!
You're too confused!
You're too confused to move!
The orc knight hits you with a war axe!
* * * LOW HITPOINT WARNING * * *
The orc wizard hits you but does no damage.
You closely miss the orc knight.
The orc knight is heavily wounded.
You hit the orc wizard. You burn the orc wizard.
You kill the orc wizard!
The orc knight hits you with a war axe!
You die...

.)()..#.........).............,
...o............).............
...)..o.........).).<).)......
.....o..............[)..#.....
.........................$....
.......o..........)...........
.................<)...........
....)............o........#......
.........)......@)...............
......................$$.........
.................................
.................................
.................................
.................................
.................................
.....#...................()......
........................(........


You could see an orc knight.

Vanquished Creatures
  Pikel (D:8)
  A hill giant (D:9)
  2 kobold demonologists (D:9)
  A spiny frog (Lair:1)
  A komodo dragon (D:10)
  3 trolls
  A spriggan (D:10)
  8 yaks
  2 hungry ghosts
  2 hippogriffs
  2 wargs
  A water moccasin (Lair:1)
  2 porcupines (Lair:1)
  8 spiders (D:9)
  9 orc warriors
  3 sky beasts
  A black bear (D:8)
  An ice beast (D:10)
  8 ogres
  2 swamp drakes
  2 phantoms
  5 big kobolds
  3 crocodiles
  4 centaurs
  Blork the orc (D:5)
  8 giant frogs
  15 killer bees
  5 scorpions
  12 wights
  29 orc priests
  4 giant frog zombies
  9 crimson imps
  19 orc wizards
  4 jellies
  3 hounds
  A giant frog skeleton (D:4)
  Terence (D:3)
  9 iguanas
  6 worker ants
  A worker ant zombie (D:7)
  9 adders
  5 gnolls
  10 river rats (Lair:1)
  2 shadow imps
  4 oozes
  3 adder skeletons
  An adder zombie (D:5)
  4 worms
  11 giant geckos
  121 orcs
  10 giant cockroaches
  10 goblins
  10 hobgoblins
  18 jackals
  13 kobolds
  4 quokkas
  3 ball pythons
  9 bats
  A giant gecko skeleton (D:4)
  3 giant newts
  A quokka skeleton (D:7)
  14 rats
466 creatures vanquished.

Vanquished Creatures (others)
  4 slaves (D:8)
  A fungus (Lair:1)
5 creatures vanquished.

Grand Total: 471 creatures vanquished

Notes
Turn   | Place    | Note
--------------------------------------------------------------
     0 | D:1      | Runnr the Human Fighter began the quest for the Orb.
     0 | D:1      | Reached XP level 1. HP: 18/18 MP: 1/1
   188 | D:1      | Reached XP level 2. HP: 16/24 MP: 2/2
   377 | D:1      | Reached XP level 3. HP: 29/29 MP: 3/3
   919 | D:2      | Found a faded altar to an unknown god.
   998 | D:2      | Reached XP level 4. HP: 27/35 MP: 4/4
  1587 | D:3      | Noticed a giant frog
  1610 | D:3      | Killed a giant frog
  1610 | D:3      | Reached skill level 1 in Evocations
  1610 | D:3      | Reached XP level 5. HP: 19/42 MP: 5/5
  1922 | D:3      | Found a glowing drain.
  1945 | Sewer    | Entered a sewer
  2045 | Sewer    | Reached skill level 4 in Armour
  2124 | Sewer    | Reached XP level 6. HP: 45/48 MP: 6/6
  2562 | D:3      | Noticed Terence
  2575 | D:3      | Killed Terence
  2822 | D:4      | Reached XP level 7. HP: 54/54 MP: 8/8
  3672 | D:4      | Found a snail-covered altar of Cheibriados.
  4318 | D:5      | Entered Level 5 of the Dungeon
  4355 | D:5      | Reached XP level 8. HP: 47/61 MP: 10/10
  4425 | D:5      | Noticed Prince Ribbit
  4464 | D:5      | Found a white marble altar of Elyvilon.
  4504 | D:5      | Reached skill level 5 in Armour
  4504 | D:5      | Reached skill level 5 in Shields
  4891 | D:5      | Noticed Eustachio
  4984 | D:5      | Reached skill level 5 in Fighting
  5233 | D:5      | Noticed Blork the orc
  5251 | D:5      | Killed Blork the orc
  6067 | D:6      | Found a white marble altar of Elyvilon.
  6422 | D:6      | Found a staircase to the Ecumenical Temple.
  6431 | D:6      | Found a blossoming altar of Fedhas.
  6442 | Temple   | Entered the Ecumenical Temple
  6510 | Temple   | Became a worshipper of Ashenzari the Shackled
  6959 | D:6      | Reached XP level 9. HP: 58/68 MP: 12/12
  6971 | D:6      | Reached skill level 5 in Axes
  7006 | D:6      | Found a burning altar of Makhleb.
  7012 | D:6      | Found a shimmering altar of Xom.
  7149 | D:7      | Reached skill level 6 in Shields
  7445 | D:7      | Found a bloodstained altar of Trog.
  8000 | D:7      | Reached skill level 5 in Evocations
  8139 | D:8      | Noticed Zex's ghost (novice MiFi)
  9120 | D:8      | Noticed Maurice
  9185 | D:8      | Reached XP level 10. HP: 62/77 MP: 14/14
  9321 | D:8      | Noticed Pikel
  9331 | D:8      | Killed Pikel
  9331 | D:8      | Reached skill level 7 in Shields
 10692 | D:9      | Found a shadowy altar of Dithmenos.
 10904 | D:9      | Noticed a hill giant
 10905 | D:9      | Found an opulent altar of Gozag.
 11017 | D:9      | Killed a hill giant
 11050 | D:9      | Reached XP level 11. HP: 44/84 MP: 16/16
 12067 | D:9      | Reached skill level 8 in Shields
 12395 | D:9      | Found a staircase to the Lair.
 13576 | D:8      | Gained mutation: You are agile. (Dex +2) [mutagenic meat]
 13586 | D:8      | Gained mutation: Your body sometimes deteriorates upon taking damage. [mutagenic meat]
 13587 | D:8      | Gained mutation: Your magical capacity is low (-10% MP). [mutagenic meat]
 13601 | D:8      | Lost mutation: Your magical capacity is low (-10% MP). [potion of cure mutation]
 13601 | D:8      | Lost mutation: You are agile. (Dex +2) [potion of cure mutation]
 13601 | D:8      | Lost mutation: Your body sometimes deteriorates upon taking damage. [potion of cure mutation]
 13898 | Lair:1   | Entered Level 1 of the Lair of Beasts
 13915 | Lair:1   | Reached * piety under Ashenzari
 13940 | Lair:1   | Noticed a six-headed hydra
 13980 | Lair:1   | Found a dark tunnel.
 13985 | Volcano  | Entered a volcano
 15963 | D:10     | Entered Level 10 of the Dungeon
 16565 | D:10     | Found a stormy altar of Qazlal.
 17387 | D:10     | Found a staircase to the Orcish Mines.
 18475 | D:11     | Reached XP level 12. HP: 76/94 MP: 17/17
 18708 | D:11     | Noticed a cyan ugly thing
 18713 | D:11     | Noticed a cyan ugly thing
 18932 | D:10     | Reached skill level 9 in Fighting
 19031 | Orc:1    | Entered Level 1 of the Orcish Mines
 21617 | Orc:4    | Entered Level 4 of the Orcish Mines
 21617 | Orc:4    | Reached ** piety under Ashenzari
 21718 | Orc:4    | Noticed Cab's ghost (journeyman DDWr)
 21828 | Orc:4    | Found a staircase to the Elven Halls.
 21863 | Orc:4    | Slain by an orc knight

Action                   |  1- 3 |  4- 6 |  7- 9 | 10-12 || total
-------------------------+-------+-------+-------+-------++-------
Melee: War axe           |   103 |   241 |   582 |  1135 ||  2061
 Abil: Evoke Teleportati |       |       |     3 |       ||     3
Evoke: Wand              |       |       |     1 |     6 ||     7
       Disc of storms    |       |       |       |     7 ||     7
  Use: Scroll            |       |     6 |     4 |    18 ||    28
       Potion            |       |       |     1 |    21 ||    22
 Stab: Distracted        |       |       |       |     2 ||     2
  Eat: Chunk             |       |     3 |    18 |    25 ||    46
       Bread ration      |       |     1 |       |     3 ||     4
       Fruit             |       |       |     4 |     2 ||     6
       Royal jelly       |       |       |     2 |     1 ||     3
       Beef jerky        |       |       |     1 |     2 ||     3
       Pizza             |       |       |     1 |       ||     1
       Meat ration       |       |       |       |     2 ||     2
